Map: Triton LE

Players

MaSa

  • Race: Terran Terran
  • Spawn Location: 11:00

soO - Winner!

  • Race: Zerg Zerg
  • Spawn Location: 5:00

VOD

Have the link to the VOD?

Description

Time

  • Played on: Jan. 7, 2020, 6:57 p.m.
  • Length: 11:30
Show
View Real Time Build Order
Export as new Build Order

MaSa Terran 

Build Orders: Reaper Expand, Hellion Banshee 

Get SALT Encoding   

  12  0:00  SCV  
  13  0:13  SCV  
  14  0:17  Supply Depot  
  14  0:25  SCV  
  15  0:38  SCV  
  15  0:40  Barracks  
  16  0:44  Refinery  
  16  0:51  SCV  
  17  1:03  SCV  
  18  1:15  SCV  
  19  1:27  Orbital Command, Reaper  
  20  1:38  Command Center  
  20  1:45  Supply Depot  
  20  1:53  SCV  
  21  1:58  Marine  
  22  2:07  SCV  
  23  2:10  Factory  
  23  2:16  Refinery  
  23  2:19  SCV  
  23  2:21  Barracks Reactor  
  24  2:31  SCV  
  24  2:43  SCV  
  25  2:50  Orbital Command  
  25  2:55  Starport  
  25  2:56  SCV  
  26  3:00  Hellion x2  
  30  3:08  SCV, Barracks Tech Lab  
  31  3:17  SCV  
  32  3:20  SCV  
  32  3:22  Hellion x2  
  37  3:29  SCV  
  37  3:32  SCV  
  39  3:37  Supply Depot, Banshee  
  39  3:38  Cloaking Field  
  39  3:39  Marine  
  39  3:41  SCV  
  44  3:44  SCV  
  45  3:49  Supply Depot  
  45  3:55  SCV  
  46  3:58  SCV  
  46  3:59  Hellion x2  
  46  4:01  Barracks Tech Lab  
  51  4:07  SCV  
  51  4:09  Supply Depot  
  52  4:10  SCV  
  53  4:19  SCV  
  53  4:20  Marine, Banshee  
  53  4:21  Stimpack  
  53  4:23  SCV  
  59  4:34  Command Center  
  59  4:35  SCV  
  58  4:39  SCV  
  59  4:47  SCV  
  59  4:49  Barracks  
  59  4:51  SCV, Factory Reactor  
  59  4:52  Marine, Barracks  
  62  4:54  Supply Depot  
  62  4:59  SCV  
  63  5:03  SCV  
  64  5:11  SCV  
  61  5:15  SCV  
  61  5:21  Starport Reactor  
  62  5:23  Marine, SCV  
  62  5:27  SCV  
  55  5:35  SCV  
  55  5:38  Engineering Bay x2  
  55  5:39  SCV  
  55  5:41  Marine, Refinery x2, Siege Tank  
  55  5:42  Marine x2  
  63  5:44  Barracks  
  63  5:46  Barracks  
  63  5:47  Orbital Command  
  63  5:48  SCV  
  64  5:50  Marine x2  
  64  5:51  SCV  
  67  5:59  Marine, Medivac  
  67  6:00  SCV, Marine x2, Medivac  
  67  6:03  SCV  
  76  6:08  Marine x2  
  76  6:09  Supply Depot  
  78  6:12  SCV, Terran Infantry Weapons Level 1  
  78  6:14  Orbital Command  
  78  6:15  SCV  
  78  6:18  Marine x3, Terran Infantry Armor Level 1  
  80  6:22  Siege Tank  
  80  6:24  SCV  
  87  6:26  Marine x2  
  87  6:27  SCV  
  87  6:29  Supply Depot  
  87  6:31  Supply Depot  
  90  6:33  Barracks Reactor x2  
  90  6:36  Marine, SCV  
  90  6:37  Marine, Marauder  
  96  6:40  SCV  
  96  6:44  Marine x2  
  96  6:45  Medivac  
  100  6:48  SCV  
  100  6:51  SCV  
  100  6:54  Marine x2  
  102  6:57  Siege Tank  
  102  6:58  Marine  
  108  7:03  SCV x2  
  108  7:06  Marine, Supply Depot x2  
  108  7:07  Marine  
  108  7:08  Armory  
  112  7:12  Marine x2  
  112  7:13  Supply Depot  
  112  7:15  SCV x2  
  116  7:20  Combat Shield  
  116  7:21  Armory  
  116  7:25  SCV  
  116  7:28  Marine x2, SCV  
  116  7:29  Supply Depot  
  120  7:30  Supply Depot  
  120  7:31  Marine x2  
  120  7:32  Marine x4  
  120  7:35  Marauder, Siege Tank  
  120  7:36  SCV  
  132  7:38  SCV  
  133  7:44  SCV  
  133  7:46  Marine x2  
  133  7:47  Supply Depot  
  133  7:48  Refinery  
  133  7:49  Marine  
  133  7:51  SCV  
  137  7:55  Marine x2, Supply Depot  
  137  7:56  Marauder  
  137  7:57  Marine x3  
  144  8:01  SCV  
  144  8:02  Missile Turret  
  144  8:03  Marine x2  
  144  8:04  SCV  
  143  8:07  Marine  
  143  8:11  SCV  
  143  8:12  Marine  
  141  8:13  Marine  
  141  8:14  SCV  
  141  8:15  Marine x3  
  141  8:16  SCV  
  141  8:17  Marine  
  134  8:21  Marine x2  
  134  8:23  Terran Infantry Weapons Level 2  
  134  8:24  SCV  
  134  8:25  Marine  
  134  8:26  SCV  
  137  8:29  SCV, Terran Infantry Armor Level 2  
  137  8:30  Marine  
  135  8:36  SCV, Terran Vehicle Weapons Level 1  
  135  8:38  SCV  
  135  8:41  SCV  
  134  8:43  Marine x2, Siege Tank  
  134  8:44  Marine, Marauder  
  134  8:48  SCV  
  141  8:59  Medivac x2  
  141  9:02  Marine x4  
  146  9:05  Marauder  
  146  9:06  SCV x3  
  146  9:09  Concussive Shells  
  154  9:17  Thor  
  154  9:19  Missile Turret  
  154  9:20  Marine x2, Missile Turret  
  154  9:21  Marine, Missile Turret  
  154  9:23  Command Center  
  160  9:26  Marine x4  
  160  9:27  Marine x2  
  160  9:28  SCV  
  167  9:32  Supply Depot  
  167  9:38  Marine x2  
  167  9:41  Marine  
  167  9:42  Medivac  
  167  9:44  Marine  
  173  9:52  Marine x4, Marauder  
  173  9:53  Missile Turret x2, Medivac  
  173  9:56  Marine x2  
  171  10:00  Marine  
  171  10:02  Marine  
  136  10:09  Marine  
  136  10:10  Marine x3  
  136  10:12  Medivac  
  136  10:14  Marine x2, Marauder  
  130  10:18  Marine  
  130  10:19  Marine  
  124  10:23  Medivac  
  124  10:24  Siege Tank  
  124  10:27  Marine x3  
  124  10:28  Marine  
  124  10:31  Marine  
  124  10:32  Marine  
  124  10:35  Marauder  
  110  10:36  Marine  
  110  10:37  Marine  
  110  10:42  Medivac  
  105  10:45  Marine x3  
  105  10:46  Marine  
  105  10:49  Marine x2  
  108  10:54  Marine  
  108  10:55  Marine  
  108  10:56  Marine  
  105  11:03  Marine x3  
  105  11:04  Marine  
  91  11:06  SCV  
  91  11:07  Marine x2  
  91  11:11  SCV  
  88  11:12  Marine  
  88  11:15  SCV  
Show
View Real Time Build Order
Export as new Build Order

soO Zerg - Winner!

Build Orders: Pool First, Muta Ling Bane 

Get SALT Encoding   

  12  0:00  Drone  
  13  0:12  Overlord  
  13  0:16  Drone  
  14  0:30  Drone x2  
  16  0:40  Spawning Pool  
  15  0:43  Drone  
  17  0:50  Drone  
  17  1:07  Hatchery  
  17  1:10  Drone  
  17  1:16  Drone  
  18  1:24  Extractor  
  17  1:27  Zergling x2  
  17  1:28  Zergling x2  
  17  1:31  Queen  
  21  1:40  Overlord  
  21  1:49  Drone  
  22  2:00  Drone  
  23  2:07  Queen  
  25  2:10  Drone  
  26  2:19  Queen, Drone  
  29  2:23  Drone  
  29  2:26  Metabolic Boost  
  30  2:31  Drone  
  30  2:33  Drone  
  32  2:39  Overlord  
  32  2:40  Drone x2  
  32  2:43  Drone  
  35  2:48  Drone  
  36  2:59  Drone x2  
  36  3:05  Hatchery  
  37  3:08  Drone x2  
  39  3:16  Drone x2  
  39  3:19  Overlord  
  41  3:24  Drone, Queen  
  44  3:31  Overlord  
  44  3:38  Drone x4  
  48  3:44  Zergling x4  
  50  3:48  Drone  
  50  3:49  Drone  
  50  3:50  Drone x2  
  54  3:57  Extractor  
  54  4:00  Drone, Roach Warren  
  53  4:03  Queen  
  53  4:09  Drone  
  56  4:11  Drone, Overlord  
  56  4:13  Lair, Drone  
  56  4:14  Drone  
  59  4:18  Drone  
  59  4:19  Drone  
  59  4:21  Queen  
  59  4:22  Drone x2  
  65  4:24  Drone  
  65  4:30  Overlord  
  65  4:34  Zergling x2  
  65  4:35  Zergling x4  
  68  4:42  Overlord  
  68  4:44  Overlord  
  68  4:45  Spore Crawler  
  67  4:48  Drone x3, Queen  
  67  4:50  Extractor x2  
  70  4:54  Roach x2  
  70  4:57  Roach x2  
  76  5:03  Drone x2  
  76  5:04  Spore Crawler  
  77  5:08  Roach x3  
  77  5:12  Overseer  
  81  5:16  Spore Crawler  
  81  5:20  Drone  
  81  5:21  Drone x2  
  83  5:23  Drone  
  83  5:24  Drone x2  
  83  5:26  Drone x4  
  88  5:30  Overlord  
  88  5:33  Overlord  
  84  5:35  Drone  
  84  5:36  Drone x3  
  84  5:39  Glial Reconstitution  
  88  5:43  Overseer, Drone  
  88  5:48  Extractor  
  88  5:49  Extractor, Drone x2  
  89  5:50  Spire  
  89  5:52  Drone  
  89  5:53  Evolution Chamber  
  89  5:55  Evolution Chamber  
  88  5:57  Drone  
  88  5:59  Drone  
  88  6:03  Drone  
  90  6:09  Drone x3  
  93  6:16  Hatchery, Drone x2, Baneling Nest  
  93  6:17  Drone  
  94  6:21  Zerg Ground Armor Level 1  
  94  6:22  Zerg Melee Weapons Level 1  
  94  6:23  Roach x2  
  94  6:24  Roach  
  100  6:32  Overlord  
  100  6:38  Zergling x2, Roach x4  
  100  6:39  Roach  
  111  6:44  Overlord  
  111  6:45  Overlord  
  111  6:53  Overlord x2  
  111  7:03  Mutalisk x5  
  111  7:06  Mutalisk  
  123  7:11  Zergling x2  
  123  7:14  Drone  
  125  7:17  Hatchery  
  125  7:18  Drone x3  
  125  7:19  Centrifical Hooks, Overlord  
  127  7:25  Drone x3  
  127  7:26  Drone  
  127  7:27  Drone  
  132  7:30  Zergling x10  
  137  7:37  Extractor  
  137  7:40  Zergling x6  
  137  7:42  Ravager x2  
  141  7:47  Queen, Drone x2  
  144  7:53  Zergling x24  
  156  8:00  Overlord  
  156  8:02  Overlord  
  156  8:07  Overlord  
  156  8:11  Overlord  
  143  8:22  Queen  
  143  8:23  Zerg Ground Armor Level 2, Overlord, Zerg Melee Weapons Level 2  
  143  8:25  Mutalisk x6  
  157  8:29  Drone x2  
  155  8:36  Mutalisk x2  
  155  8:40  Drone x3  
  162  8:48  Hatchery  
  159  8:59  Zergling x34  
  175  9:03  Baneling x13  
  175  9:10  Mutalisk x3  
  175  9:13  Zergling x6  
  175  9:16  Ravager x2  
  186  9:17  Zergling x10  
  186  9:20  Zergling x10  
  186  9:21  Zergling x6  
  199  9:31  Infestation Pit  
  199  9:34  Extractor  
  199  9:35  Baneling x10  
  195  9:39  Zergling x8  
  195  9:40  Overlord  
  199  9:51  Baneling x11  
  186  10:04  Zergling x18  
  186  10:05  Zergling x22  
  180  10:08  Mutalisk  
  177  10:18  Hive  
  177  10:20  Mutalisk x3  
  178  10:22  Zergling x20  
  180  10:32  Zergling x8  
  175  10:41  Zergling x20  
  170  10:49  Zergling x8  
  175  10:50  Zergling x14  
  175  10:55  Mutalisk  
  175  10:56  Mutalisk x3  
  178  11:11  Zergling x8  
Tags
 
Add a new tag
Caveats
  • Supply blocks, unpowered buildings, or Contaminate may cause inaccurate times.
  • Supply counts are checked every 10 seconds.